 Dungeon Crawl Stone Soup version 0.30-a0-939-gc8157cb160 (webtiles) character file.

Game seed: 18352566598709826103

691 Leeroy the Slasher (level 7, -2/28 (34) HPs)
             Began as a Vine Stalker Warper on Mar 25, 2023.
             Was a Follower of Cheibriados.
             Slain by Duvessa
             ... wielding a +4 short sword of draining
              (7 damage)
             ... on level 4 of the Dungeon.
             The game lasted 00:05:51 (3224 turns).

Leeroy the Slasher (Vine Stalker Warper)            Turns: 3224, Time: 00:05:52

HP:   -2/28 (34)    AC:  4    Str: 17    XL:     7   Next: 63%
MP:   0/11          EV: 12    Int: 16    God:    Cheibriados [*.....]
Gold: 157           SH:  0    Dex: 18    Spells: 1/10 levels left

rFire   . . .      SeeInvis .    z - +3 dagger (protect)
rCold   . . .      Faith    .    (no shield)
rNeg    . . .      Spirit   +    b - +0 leather armour
rPois   .          Reflect  .    s - +0 helmet
rElec   .          Rampage  .    (no cloak)
rCorr   .                        (no gloves)
Will    .....                    (no boots)
Stlth   +                        (no amulet)
HPRegen 1.04/turn                (no ring)
MPRegen 0.12/turn                (no ring)

@: heavily drained, very slow
A: fangs 2, regeneration 1, magic shield, antimagic bite, no potion heal 2
a: Renounce Religion, Bend Time


You were on level 4 of the Dungeon.
You worshipped Cheibriados.
Cheibriados was aware of your devotion.
You visited 1 branch of the dungeon, and saw 4 of its levels.

You collected 206 gold pieces.
You spent 49 gold pieces at shops.

Inventory:

Hand Weapons
 a - a +0 falchion
 h - a +1 dagger of protection
 r - a +1 short sword of speed
 u - a +0 rapier
 x - a +0 long sword
 z - a +3 dagger of protection (weapon)
Missiles
 d - 11 boomerangs of dispersal (quivered)
Armour
 b - a +0 leather armour (worn)
 s - a +0 helmet (worn)
Wands
 w - a wand of light (6)
Scrolls
 c - a scroll of blinking
 i - a scroll of poison {unknown}
 k - a scroll of enchant armour {unknown}
 l - 3 scrolls of noise {unknown}
 m - 2 scrolls of enchant weapon {unknown}
 n - a scroll of magic mapping {unknown}
 o - 2 scrolls of fog {unknown}
 p - 4 scrolls of identify {unknown}
 v - a scroll of amnesia {unknown}
 y - a scroll of teleportation {unknown}
Potions
 e - a potion of mutation {unknown}
 f - 5 potions of curing {unknown}
 g - a potion of ambrosia {unknown}
 j - a potion of haste {unknown}
 q - a potion of lignification {unknown}
 t - 2 potions of flight {unknown}


   Skills:
 - Level 1.7 Fighting
 + Level 7.6 Long Blades
 - Level 0.8 Throwing
 - Level 0.7 Armour
 - Level 1.5 Dodging
 - Level 2.1 Spellcasting
 - Level 3.0 Translocations
 - Level 0.2 Evocations


You had one spell level left.
You knew the following spells:

 Your Spells              Type           Power      Damage    Failure   Level
a - Blink                 Tloc           22%        N/A       11%         2
b - Vhi's Electric Charg  Tloc/Air       12%        N/A       36%         3
c - Manifold Assault      Tloc           11%        N/A       56%         4

Your spell library contained the following spells:

 Spells                   Type           Power      Damage    Failure   Level
 Lesser Beckoning         Tloc           22%        N/A       11%         2
 Teleport Other           Tloc           11%        N/A       22%         3
 Dazzling Flash           Conj/Hex       2%         N/A       58%         3
 Inner Flame              Hex/Fire       1%         N/A       58%         3
 Iskenderun's Mystic Bla  Conj/Tloc      6%         2d4       78%         4
 Flame Wave               Conj/Fire      1%         2d4       94%         4
 Sticky Flame             Conj/Fire      1%         2d3       94%         4
 Starburst                Conj/Fire      0%         6d3       100%        6


Dungeon Overview and Level Annotations

Branches:
Dungeon (4/15)
 Temple: D:4-7

Altars:
Cheibriados
Elyvilon
Okawaru

Shops:
D:4 (

Annotations:
D:4 Duvessa


Innate Abilities, Weirdness & Mutations

You have extremely sharp teeth.
Your natural rate of healing is unusually fast.
When hurt, damage is shared between your health and your magic reserves.
Your bite disrupts and absorbs the magic of your enemies.
Potions cannot restore your health.


Message History

Dowan is almost dead.
Throw: 12 boomerangs (disperse)
Press: ? - help, Q - select action, (/) - cycle Shift-Dir - straight line, f/p - Dowan
Aim: Dowan, wielding a +3 dagger of protection and wearing a +0 robe (almost dead, magic disrupted, 50% to hit)
You throw a boomerang of dispersal.
The boomerang of dispersal barely misses Dowan.
You slash Dowan!
You kill Dowan!
Cheibriados appreciates the change of pace.
You hear a distant scream of rage.
t - 2 clear potions (gained 1)
Things that are here:
a +3 dagger of protection; a +0 robe; the elf corpse of Dowan
z - a +3 dagger of protection Your +3 dagger of protection hums with potential!
z - a +3 dagger of protection (weapon)
There is a stone staircase leading down here.
A hobgoblin comes into view.
A hobgoblin is nearby!
The hobgoblin shouts!
Duvessa, Sister of Dowan comes into view.
She is wielding a +4 short sword of draining.
The hobgoblin hits you but does no damage.
You closely miss the hobgoblin.
Duvessa shouts!
You bite the hobgoblin. You drain its power.
The hobgoblin is severely wounded.
Duvessa goes berserk!
The hobgoblin hits you.
You hit the hobgoblin but do no damage.
Your weapon exudes an aura of protection.
You bite the hobgoblin.
You kill the hobgoblin!
Cheibriados appreciates the change of pace.
Duvessa hits you with a +4 short sword of draining.
You feel drained.
Duvessa hits you with a +4 short sword of draining!
You feel drained.
Duvessa hits you with a +4 short sword of draining!!
* * * LOW HITPOINT WARNING * * *
You feel drained.
You die...

###########
..........# #########
.########.# #........
.########.######.#
.##.......>......#
.##.##..........@#
.##.##..........e#
.##.##.##.######.#
.##.##.##.# #.#
.##.##.##†# #.#
.##.##.##.#### #.#
.............###.# #
........#.....##.##.#
<...##.........#....#


You could see Duvessa (berserk).

Vanquished Creatures
  Sigmund (D:2)
  2 black bears (D:4)
  A scorpion (D:4)
  Dowan (D:4)
  2 hounds (D:4)
  Natasha (thrice) (D:2 D:1)
  Robin (D:2)
  2 adders
  2 dart slugs
  2 orcs (D:3)
  6 endoplasms
  2 giant cockroaches
  17 goblins
  10 hobgoblins
  8 kobolds
  3 quokkas (D:1)
  7 ball pythons
  4 bats
  2 frilled lizards
  6 rats
82 creatures vanquished.

Notes
Turn   | Place    | Note
-------+----------+-------------------------------------------
     0 | D:1      | Leeroy the Vine Stalker Warper began the quest for the Orb.
     0 | D:1      | Reached XP level 1. HP: 11/11 MP: 4/4
    18 | D:1      | Reached skill level 2 in Long Blades
    61 | D:1      | Reached XP level 2. HP: 12/15 MP: 4/6
   420 | D:1      | Learned a level 2 spell: Blink
   438 | D:1      | Reached skill level 3 in Long Blades
   483 | D:1      | Reached XP level 3. HP: 18/18 MP: 7/7
   933 | D:2      | Noticed Robin
   966 | D:2      | Killed Robin
  1138 | D:2      | Noticed Natasha
  1141 | D:2      | Gained mutation: Your natural rate of healing is unusually
                  | fast. [Vine Stalker growth]
  1141 | D:2      | Reached XP level 4. HP: 19/23 MP: 6/8
  1154 | D:2      | Killed Natasha
  1155 | D:2      | Reached skill level 4 in Long Blades
  1219 | D:2      | Noticed Natasha
  1219 | D:2      | Noticed Sigmund
  1281 | D:1      | Killed Natasha
  1746 | D:1      | Noticed Natasha
  1759 | D:1      | Killed Natasha
  1760 | D:1      | Reached XP level 5. HP: 25/26 MP: 5/9
  1921 | D:2      | Killed Sigmund
  1922 | D:2      | Reached skill level 5 in Long Blades
  1922 | D:2      | Reached XP level 6. HP: 30/30 MP: 10/10
  2054 | D:2      | Found a snail-covered altar of Cheibriados.
  2114 | D:2      | Became a worshipper of Cheibriados the Contemplative
  2335 | D:3      | Reached skill level 6 in Long Blades
  2526 | D:3      | Reached * piety under Cheibriados
  2706 | D:3      | Found an iron altar of Okawaru.
  2706 | D:3      | Found a white marble altar of Elyvilon.
  2949 | D:4      | Noticed a black bear
  2957 | D:4      | Killed a black bear
  2958 | D:4      | Reached XP level 7. HP: 34/34 MP: 11/11
  2980 | D:4      | Found Weguroru's Weapon Boutique.
  2987 | D:4      | Bought a +0 long sword for 49 gold pieces
  2993 | D:4      | Reached skill level 7 in Long Blades
  3091 | D:4      | Learned a level 3 spell: Vhi's Electric Charge
  3096 | D:4      | Learned a level 4 spell: Manifold Assault
  3143 | D:4      | Noticed Dowan
  3176 | D:4      | Killed Dowan
  3220 | D:4      | Noticed Duvessa
  3224 | D:4      | Slain by Duvessa

Illustrated notes

Levels and vault maps discovered:
D:1:      dpeg_arrival_simpleton_a, layout_basic
D:2:      layout_basic, basic_altar, uniq_natasha, uniq_robin, uniq_sigmund
D:3:      layout_loops_ring, gammafunk_temple_overflow_elements,
          minmay_mini_jars
D:4:      layout_loops_ring, bloody_trog, serial_shops,
          nicolae_shop_bloodbath_and_beyond, kennysheep_minor_cross,
          feat_on_display, uniq_duvessa, uniq_edmund

Skill      XL: |  1  2  3  4  5  6  7 |
---------------+----------------------+-----
Long Blades    | 2 3 4 5 6 7 |  7.6
Fighting       | |  1.7
Throwing       | |  0.8
Armour         | |  0.7
Dodging        | |  1.5
Spellcasting   | |  2.1
Translocations | |  3.0
Evocations     | |  0.2

Action                     |  1- 3 |  4- 6 |  7- 9 || total
---------------------------+-------+-------+-------++-------
  Melee: Falchion          |    59 |    16 |       ||    75
         Bite              |    31 |    46 |    13 ||    90
         Punch             |     1 |     1 |       ||     2
         Dagger            |    56 |   120 |     2 ||   178
         Long sword        |       |       |    38 ||    38
  Throw: Boomerang         |       |       |     2 ||     2
   Cast: Blink             |       |     1 |       ||     1
  Evoke: Wand              |       |     2 |       ||     2
   Stab: Sleeping          |       |     2 |       ||     2
         Invisible         |       |     1 |       ||     1
 Armour: Leather armour    |    36 |    43 |    10 ||    89
  Dodge: Dodged            |    63 |    89 |    26 ||   178

Table legend: (Time is in decaauts)
 A = Elapsed time spent in this place.
 B = Non-inter-level travel time spent in this place.
 C = Inter-level travel time spent in this place.
 D = Time resting spent in this place.
 E = Time spent auto-exploring this place.
 F = Levels seen in this place.
 G = Mean time per level.
                   A        B        C        D        E       F      G
               +--------+--------+--------+--------+--------+-----+--------+
         Total |   3528 |   3385 |    143 |    592 |   2086 |   4 |  882.0 |
       Dungeon |   3528 |   3385 |    143 |    592 |   2086 |   4 |  882.0 |
               +--------+--------+--------+--------+--------+-----+--------+

Top non-repeatable levels by time:
     D:1: 1371 daAuts
     D:3: 967 daAuts
     D:2: 780 daAuts
     D:4: 408 daAuts
